 Dungeon Crawl Stone Soup version 0.28.0-43-g3370ac3207 (webtiles) character file.

Game seed: 8189516416479322254

59 Cape the Conjurer (level 3, 0/19 HPs)
             Began as a Deep Elf Conjurer on Mar 19, 2022.
             Killed from afar by Natasha (4 damage)
             ... with a magic dart
             ... on level 2 of the Dungeon.
             The game lasted 00:03:48 (1027 turns).

Cape the Conjurer (Deep Elf Conjurer)               Turns: 1027, Time: 00:03:49

Health: 0/19       AC:  2    Str:  4    XL:     3   Next: 78%
Magic:  4/10       EV: 13    Int: 24    God:
Gold:   27         SH:  0    Dex: 13    Spells: 9/10 levels left

rFire   . . .      SeeInvis .   e - +0 short sword
rCold   . . .      Faith    .   (no shield)
rNeg    . . .      Spirit   .   a - +0 robe
rPois   .          Reflect  .   (no helmet)
rElec   .          Harm     .   (no cloak)
rCorr   .          Rampage  .   (no gloves)
Will    .....                   (no boots)
Stlth   ++........              (no amulet)
HPRegen 0.06/turn               (no ring)
MPRegen 0.12/turn               (no ring)

@: slowed, very slow
A: no striking features
a: no special abilities


You were on level 2 of the Dungeon.
You visited 1 branch of the dungeon, and saw 2 of its levels.

You collected 27 gold pieces.

Inventory:

Hand Weapons
 e - a +0 short sword (weapon)
Missiles
 g - 5 boomerangs (quivered)
Armour
 a - a +0 robe (worn)
Scrolls
 b - 2 scrolls of identify {unknown}
Potions
 c - 2 potions of attraction {unknown}
 d - a potion of degeneration {unknown}
 f - a potion of berserk rage {unknown}


   Skills:
 + Level 3.1 Dodging
 - Level 2.4 Stealth
 * Level 4.2 Spellcasting
 * Level 5.1 Conjurations


You had 9 spell levels left.
You knew the following spells:

 Your Spells              Type           Power      Damage    Failure   Level
a - Magic Dart            Conj           100%       1d8       1%          1

Your spell library contained the following spells:

 Spells                   Type           Power      Damage    Failure   Level
 Searing Ray              Conj           58%        2d6       1%          2
 Dazzling Flash           Conj/Hex       34%        N/A       10%         3
 Fulminant Prism          Conj/Hex       8%         3d7       32%         4
 Iskenderun's Mystic Bla  Conj/Tloc      17%        2d5       32%         4


Dungeon Overview and Level Annotations

Branches:
Dungeon (2/15)

Altars:

Shops:
D:1 (

Annotations:
D:2 Natasha


Message History

Natasha, Servant of Life and Death comes into view.
You see here 7 gold pieces.
Natasha is nearby!
Casting: Magic Dart (safe; 1% risk of failure)
Confirm with . or Enter, or press ? or * to list all spells.
Aiming: Magic Dart (safe; 1% risk of failure)
Press: ? - help, Shift-Dir - straight line, f - Natasha
Aim: Natasha (100% to hit)
The magic dart hits Natasha.
Natasha is moderately wounded.
Casting: Magic Dart (safe; 1% risk of failure)
Confirm with . or Enter, or press ? or * to list all spells.
Aiming: Magic Dart (safe; 1% risk of failure)
Press: ? - help, Shift-Dir - straight line, f/p - Natasha
Aim: Natasha (moderately wounded, 100% to hit)
The magic dart hits Natasha but does no damage.
Natasha is moderately wounded.
Natasha misses you.
Natasha stares at you and mumbles some strange words.
The magic dart hits you!
Ouch! That really hurt!
Casting: Magic Dart (safe; 1% risk of failure)
Confirm with . or Enter, or press ? or * to list all spells.
Aiming: Magic Dart (safe; 1% risk of failure)
Press: ? - help, Shift-Dir - straight line, f/p - Natasha
Aim: Natasha (moderately wounded, 100% to hit)
The magic dart hits Natasha.
Natasha is heavily wounded.
Natasha claws you.
* * * LOW HITPOINT WARNING * * *
Casting: Magic Dart (safe; 1% risk of failure)
Confirm with . or Enter, or press ? or * to list all spells.
Aiming: Magic Dart (safe; 1% risk of failure)
Press: ? - help, Shift-Dir - straight line, f/p - Natasha
Aim: Natasha (heavily wounded, 100% to hit)
The magic dart hits Natasha.
Natasha is almost dead.
Natasha stares at you and mumbles some strange words.
The magic dart hits you.
You die...

#...##...#
####...##...######### ##
....†..................>
##.#...##...#...#####.##
##.#...##...#..>........
#.........###........#
#.........# #........#
#.........# #........#
#.........# #..h@....#
#.........#
#.......(...#
#.........#
#.##.....####
#.........# #. #.....#
#.........# #. #######
#.


You could see Natasha.

Vanquished Creatures
  Natasha (D:2)
  A dart slug (D:1)
  4 endoplasms
  2 giant cockroaches
  2 goblins (D:1)
  3 hobgoblins (D:1)
  2 jackals (D:1)
  A quokka (D:1)
  5 ball pythons (D:1)
  3 bats
  A frilled lizard (D:1)
  2 kobolds (D:1)
  3 rats
30 creatures vanquished.

Notes
Turn   | Place    | Note
-------+----------+-------------------------------------------
     0 | D:1      | Cape the Deep Elf Conjurer began the quest for the Orb.
     0 | D:1      | Reached XP level 1. HP: 10/10 MP: 6/6
   111 | D:1      | Reached XP level 2. HP: 15/15 MP: 0/8
   206 | D:1      | Found Dewo's Antique Weapon Shop.
   591 | D:1      | Found a faded altar of an unknown god.
   753 | D:1      | Reached XP level 3. HP: 18/19 MP: 7/10
  1012 | D:2      | Noticed Natasha
  1016 | D:2      | Killed Natasha
  1017 | D:2      | Reached skill level 5 in Conjurations
  1023 | D:2      | Noticed Natasha
  1027 | D:2      | Killed from afar by Natasha

Illustrated notes

Levels and vault maps discovered:
D:1:      eino_arrival_water_cross, layout_rooms,
          hellmonk_ecumenical_altar_arch_garden, serial_shops,
          nicolae_shop_hallway_stairs
D:2:      layout_basic, uniq_natasha

Skill      XL: |  1  2  3 |
---------------+----------+-----
Dodging        | 3 |  3.1
Spellcasting   | 4 |  4.2
Conjurations   | 5 |  5.1
Stealth        | |  2.4

Action                   || total
-------------------------++-------
Melee: Short sword       ||     3
 Cast: Magic Dart        ||    59
Armor: Robe              ||     4
Dodge: Dodged            ||     9
